[Event "Romanian Rapid Open 2022"]
[Site "Sebes"]
[Date "2022.12.02"]
[Round "6.8"]
[White "Creanga, Robert-Ionut"]
[Black "Filip, Lucian-Ioan"]
[Result "0-1"]
[ECO "E15"]
[WhiteElo "2190"]
[BlackElo "2370"]
[Annotator "TA"]
[PlyCount "154"]
[EventDate "2022.12.02"]
[EventType "rapid"]
[EventCountry "ROU"]
[SourceTitle "playchess.com"]
[Source "ChessBase"]
[SourceQuality "1"]
[TimeControl "600+5"]

1. d4 e6 2. c4 Nf6 3. Nf3 b6 4. g3 Bb4+ 5. Bd2 Be7 6. Bg2 c6 7. Nc3 d5 {[%emt 0:00:14] Against e4. E15: Queen's Indian: 4 g3 sidelines, 4 g3 Ba6 and 4 g3 Bb7 early deviations.} 8. Ne5 O-O 9. O-O Bb7 {[%emt 0:00:54] The position is equal.} 10. Bg5 Nbd7 11. Nxd7 Qxd7 12. Qb3 Ba6 13. cxd5 cxd5 14. Rfc1 {[%emt 0:00:18] [#]} Rac8 $146 ({Predecessor:} 14... h6 15. Bd2 Rfc8 16. e3 Bc4 17. Qd1 Rc7 18. a3 Rac8 19. Bf1 Bd6 20. f4 g6 21. b3 Bxf1 22. Qxf1 {0-1 (34) Szucs,S (1882)-Lazar,A (2098) Zalakaros 2004}) 15. e3 Rc6 16. Bxf6 Bxf6 17. Bf1 Bxf1 18. Rxf1 Rfc8 19. h4 Rc4 20. a4 Be7 21. a5 Rb4 22. Qc2 bxa5 23. Rxa5 Rcb8 24. Ra2 g6 25. Rfa1 R8b7 26. Na4 Rc4 27. Qd1 Bb4 28. Rc1 Rxc1 29. Qxc1 Rc7 30. Qd1 Qb5 31. Ra1 h5 32. Qb3 a6 33. Qd1 Qc4 34. b3 Qb5 (34... Qc2 $1 $15) 35. Rc1 $11 Rb7 36. Rc8+ Kg7 (36... Kh7 37. Nc5 Rb8 38. Rxb8 Qxb8 39. Nxa6 $14) 37. Qc2 Bf8 38. Rc6 (38. Ra8 $11 Rb8 39. Rxb8 Qxb8 40. Nc5) 38... Qxb3 $17 39. Qxb3 Rxb3 40. Rxa6 {[%mdl 4096] Endgame KRB-KRN} (40. Kg2 $142) 40... Ra3 41. Kg2 Kf6 42. Kf3 Bb4 43. Kg2 Kf5 44. Ra7 {[%emt 0:00:03] [#]} Kf6 (44... f6 $1 $19 {...Ra2 is the strong threat.} 45. Ra6 e5 46. dxe5 fxe5) 45. Kf3 $2 (45. Ra6 $1 $11) 45... Kg7 $2 (45... Ra2 $19 {aiming for ...Be1.} 46. g4 Be1 47. gxh5 gxh5) 46. Ra6 Kf6 {[%emt 0:00:04] Black is more active.} (46... e5 $17 47. Ke2 (47. dxe5 d4 $17) 47... exd4 48. exd4 Kf8) 47. Ra7 $2 (47. Kg2 $11 {and White is okay.}) 47... Kg7 $2 (47... Ra2 $19 {and Black stays clearly on top.} 48. g4 Be1 49. gxh5 gxh5) 48. Ra6 $1 Kf8 49. Ra7 {[%emt 0:00:04] [#] Now White is beyond hope.} (49. Ra8+ $17 Kg7 50. Kg2) 49... Ra2 $1 $19 50. g4 $2 (50. Ra8+ {was the only chance.} Ke7 51. Nb6 Rxa8 52. Nxa8) 50... Be1 51. gxh5 gxh5 ({Weaker is} 51... Bxf2 52. hxg6 fxg6 53. Rd7 $11) (51... Rxf2+ $2 52. Kg4 gxh5+ 53. Kxh5 $19) 52. Ra8+ Kg7 53. e4 Rxf2+ 54. Ke3 dxe4 {[%emt 0:00:06] And now ...f5 would win.} 55. Nc5 Rh2 56. Ra7 $2 (56. Nxe4 Rh3+ 57. Ke2) 56... Kg6 (56... Bxh4 $2 {too greedy.} 57. Nxe6+ Kf6 58. Nf8 $19) 57. Nxe4 Rxh4 (57... Bxh4 $2 {is the wrong capture.} 58. Ra6 $19) 58. Nd6 f6 59. Ne4 Rh3+ 60. Ke2 Bh4 61. Ra6 Kf5 62. Nc5 e5 63. dxe5 fxe5 64. Ra8 Rh2+ 65. Kf3 Rf2+ 66. Ke3 Rc2 67. Rf8+ Kg6 68. Nd3 $2 (68. Nd7) 68... Bf6 {[%emt 0:00:06] Hoping for ...h4.} 69. Ke4 $2 (69. Kf3) 69... Rc4+ 70. Ke3 Kf5 {[%emt 0:00:02] White must now prevent ...h4.} 71. Rf7 (71. Nb2 $142 Re4+ 72. Kf3) 71... h4 {[%emt 0:00:07] Strongly threatening ...h3.} 72. Rh7 Bg5+ (72... e4 $142 73. Nf2 Rc3+ 74. Ke2 Rc2+ 75. Kf1 e3 76. Nd3 e2+ 77. Kg1 Bd4+ 78. Kh1 Kg4 79. Re7 Rd2 80. Ne1 Kh3 81. Rf7 Rd1 82. Rf3+ Kg4 83. Kg2 Rxe1 84. Rg3+ Kf4 85. Rf3+ Ke4 86. Rf8 Rg1+ 87. Kh2 e1=Q 88. Re8+ Be5+ 89. Rxe5+ Kxe5 90. Kh3 Qg3#) 73. Ke2 Rc2+ 74. Kf1 e4 75. Ne1 Ra2 {[%emt 0:00:03] Black mates.} 76. Ng2 Kg4 77. Re7 Bxe7 {[%emt 0:00:01] Weighted Error Value: White=0.46/Black=0.38} 0-1

[Event "Romanian Rapid Open 2022"]
[Site "Sebes"]
[Date "2022.12.02"]
[Round "6.9"]
[White "Matasaru, Stephanie"]
[Black "Cosma, Ioan"]
[Result "0-1"]
[ECO "B48"]
[WhiteElo "1975"]
[BlackElo "2368"]
[Annotator "TA"]
[PlyCount "62"]
[EventDate "2022.12.02"]
[EventType "rapid"]
[EventCountry "ROU"]
[SourceTitle "playchess.com"]
[Source "ChessBase"]
[SourceQuality "1"]
[TimeControl "600+5"]

1. e4 c5 2. Nf3 Nc6 3. d4 cxd4 4. Nxd4 Qc7 5. Nc3 e6 6. Be3 a6 7. a4 {[%emt 0:00:25] 7.g4 is setting a new trend.} Nf6 8. Be2 {[%emt 0:00:04] B48: Sicilian: Taimanov: 5 Nc3 Qc7 6 Be3 a6 without Be2.} Bb4 9. Bf3 (9. Nxc6 $11 {should be considered.} bxc6 10. O-O) 9... Ne5 10. O-O {[%emt 0:00:34] [#] Black is slightly better.} O-O $146 ({Predecessor:} 10... Nc4 11. Bc1 d6 12. Qe2 O-O 13. Na2 Ba5 14. b3 Ne5 15. Bb2 Nxf3+ 16. Nxf3 e5 {0-1 (38) Johansen,S (1961)-Mashinskaya,I (2293) Fagernes 2012}) 11. Nce2 ({White should play} 11. Bg5 $11) 11... d5 $15 {[%emt 0:00:16] Black is more active.} 12. exd5 Nxf3+ 13. Nxf3 Nxd5 14. Bd4 Rd8 (14... f6 $5 ) 15. c3 Bd6 16. Qc2 {[%emt 0:00:59] [#] Black keeps a firm grip on the game.} ({Better is} 16. Qb3 $15) 16... e5 $1 $17 17. Be3 Nxe3 18. fxe3 f6 {[%emt 0:00:05] Prevents Ng5.} 19. e4 Be6 20. Ng3 g6 21. Nd2 Be7 22. Rf3 Rd7 23. Rd3 $2 (23. Ngf1 {is tougher.}) 23... Rxd3 {[%emt 0:00:08] Black is clearly winning.} 24. Qxd3 Rd8 25. Qc2 Qb6+ 26. Kh1 Qf2 27. Rd1 Kg7 {[%emt 0:00:35][%cal Oe6b3] [#] Threatens to win with ...Bb3!} 28. b4 Bg4 29. Ngf1 Bxd1 30. Qxd1 f5 31. exf5 e4 {[%emt 0:00:11] Weighted Error Value: White=0.56/Black=0.06 (flawless)} 0-1

[Event "Romanian Rapid Open 2022"]
[Site "Sebes"]
[Date "2022.12.02"]
[Round "6.10"]
[White "Filip, Andrei"]
[Black "Jianu, Vlad-Cristian"]
[Result "0-1"]
[ECO "B11"]
[WhiteElo "2331"]
[BlackElo "2516"]
[Annotator "TA"]
[PlyCount "92"]
[EventDate "2022.12.02"]
[EventType "rapid"]
[EventCountry "ROU"]
[SourceTitle "playchess.com"]
[Source "ChessBase"]
[SourceQuality "1"]
[TimeControl "600+5"]

1. e4 c6 2. Nf3 d5 3. Nc3 dxe4 4. Nxe4 Nf6 5. Qe2 Nxe4 6. Qxe4 Nd7 {[%emt 0:00:02] B11: Caro-Kann: Two Knights Variation.} 7. Bc4 Nf6 {[%emt 0:00:01] [#]} 8. Ne5 $1 e6 {[%emt 0:00:02] White has an edge.} 9. Qe2 b5 10. Bb3 (10. Nxc6 Qc7 11. Bd3 (11. Bxb5 a6 $17) 11... a6) 10... Qc7 11. d4 Bd6 12. O-O O-O 13. c3 c5 14. Bg5 {[%emt 0:00:59] [#]} (14. Qxb5 a5 15. Re1 Ba6 $15) 14... Nd7 $146 ({Predecessor:} 14... Nd5 15. Bh4 a5 16. Bg3 Bb7 17. dxc5 Bxe5 18. Bxe5 Qxc5 19. Qg4 g6 20. Rfe1 Qc6 {1-0 (33) Kovalev,V (2648)-Kosteniuk,A (2471) Chess.com INT 2020}) 15. Bf4 (15. Rfe1 {feels hotter.} Bb7 16. a4 c4 17. Bc2) 15... cxd4 ({Better is} 15... c4 $11 16. Bc2 Bb7) 16. cxd4 $14 Qb6 17. Bg3 (17. Rac1 $14) 17... Nf6 (17... Qxd4 $2 18. Rad1 $18) (17... Nxe5 $11 {deserves consideration.} 18. Bxe5 Bb7) 18. Rac1 {[%emt 0:00:26] And now Rc6 would win.} Bb7 {[%emt 0:00:06] Against Rc6} 19. Rfd1 Rac8 20. Rxc8 Rxc8 21. Bh4 (21. Nxf7 $5 Bxg3 22. Ng5 (22. Bxe6 Bxf2+ 23. Kh1 Kf8 $11) 22... Bxf2+ 23. Qxf2 $11) 21... Nd5 22. Qh5 Qc7 {[%emt 0:00:13] next ...a5 is good for Black.} (22... Bxe5 {simplifies} 23. dxe5 h6 24. Qg4 Qc5) 23. Bg3 a5 24. a4 bxa4 25. Bxa4 Nf6 26. Qe2 Bd5 27. f3 {[%emt 0:00:40] [#]} (27. Bh4 $15) 27... Qb6 (27... Nh5 $1 $17 28. Be1 f6) 28. Qd2 Rb8 {[%emt 0:00:30] Black is more active.} (28... h6 $15) 29. b3 (29. Rc1 $11 {might be stronger.}) 29... Rc8 $15 30. Rc1 $2 (30. Qd3 $15) 30... Rxc1+ 31. Qxc1 Qxd4+ ({Don't do} 31... Bxb3 32. Qc8+ Bf8 {[#]} 33. Nc6 $1 $18) 32. Kh1 g6 (32... Bxe5 $2 {gets mated.} 33. Qc8+) 33. Nc6 Bxc6 $40 {[%mdl 128] Black attacks with force.} 34. Bxc6 Bxg3 35. hxg3 $19 {[%emt 0:00:01][%mdl 4096] Endgame KQB-KQN} Nh5 36. Kh2 Kg7 (36... Qe5 $19 37. f4 Qc7) 37. Be8 (37. f4 $17 {keeps fighting.}) 37... Nf6 38. Bb5 h5 39. Qg5 $2 (39. Qc7 $17) 39... Nd5 {[%emt 0:00:11] Strongly threatening ...Ne3.} 40. Be8 $2 (40. Qc1 {was forced.}) 40... Ne3 {[%emt 0:00:04] White must now prevent ...Qd2.} 41. Qe7 Qf6 42. Qc5 (42. Qc7) 42... Nf1+ 43. Kg1 Nxg3 44. Qxa5 Qd4+ ({Inferior is} 44... Qb2 45. Qc7 Qb1+ 46. Kh2 Nf1+ 47. Kg1 Ne3+ 48. Kh2 $17) 45. Kh2 Ne2 46. Qc7 (46. Qe1 $19 Qe5+ 47. f4 Qxf4+ 48. Kh1) 46... Qh4# {[%emt 0:00:18] Weighted Error Value: White=0.57/Black=0.25 (precise)} 0-1

[Event "Romanian Rapid Open 2022"]
[Site "Sebes"]
[Date "2022.12.02"]
[Round "6.11"]
[White "Costachi, Mihnea"]
[Black "Vrencian, Lehel"]
[Result "1-0"]
[ECO "E60"]
[WhiteElo "2476"]
[BlackElo "2226"]
[Annotator "TA"]
[PlyCount "47"]
[EventDate "2022.12.02"]
[EventType "rapid"]
[EventCountry "ROU"]
[SourceTitle "playchess.com"]
[Source "ChessBase"]
[SourceQuality "1"]
[TimeControl "600+5"]

1. d4 Nf6 2. c4 d6 3. Nf3 g6 4. g3 Bg7 5. Bg2 O-O 6. O-O c6 7. b3 e5 $1 8. dxe5 {[%emt 0:00:14] E60: King's Indian: Unusual lines and Fianchetto Variation without Nc3.} dxe5 9. Bb2 (9. Nxe5 $2 Qxd1 10. Rxd1 Nfd7 $19) 9... e4 10. Ng5 {[%emt 0:00:28] The position is equal.} Bf5 11. Nc3 $1 {[%emt 0:00:46][%cal Rc3e4] [#]} Qxd1 $146 ({Predecessor:} 11... h6 12. Qxd8 Rxd8 13. Nh3 Rd2 14. Ba3 Nfd7 15. Rfc1 a5 16. Kf1 Na6 17. Ke1 Rd4 {0-1 (53) Kurka,F (2183)-Mach,P (2265) Czech Republic 2002}) 12. Raxd1 Re8 13. f3 exf3 14. exf3 h6 15. Nh3 Na6 16. g4 Bd7 17. Na4 Rad8 18. Rd6 {[%emt 0:00:31] Prevents b5.} Be6 19. Rfd1 Rxd6 20. Rxd6 Bf8 21. Rd1 Be7 22. Nf4 Bc8 23. Kf1 Nc5 $2 {[%emt 0:00:19][%mdl 8192] [#]} (23... b5 $11 {and Black is okay.} 24. Re1 Kf8 25. cxb5 cxb5) 24. Nxc5 {[%emt 0:00:11] Weighted Error Value: White=0.07 (flawless) /Black=0.35} 1-0

[Event "Romanian Rapid Open 2022"]
[Site "Sebes"]
[Date "2022.12.02"]
[Round "6.12"]
[White "Baratosi, Daniel"]
[Black "Nastase, Robert-Paul"]
[Result "1/2-1/2"]
[ECO "B15"]
[WhiteElo "2335"]
[BlackElo "2229"]
[Annotator "TA"]
[PlyCount "138"]
[EventDate "2022.12.02"]
[EventType "rapid"]
[EventCountry "ROU"]
[SourceTitle "playchess.com"]
[Source "ChessBase"]
[SourceQuality "1"]
[TimeControl "600+5"]

1. e4 c6 2. d4 d5 3. Nc3 dxe4 4. Nxe4 Nf6 5. Qd3 Nbd7 6. Nf3 {[%emt 0:00:02] Prevents e5. B15: Caro-Kann: 3 Nc3: 3...g6 and 3...dxe4 4 Nxe4 Nf6 5 Nxf6+ exf6.} Nxe4 7. Qxe4 Nf6 8. Qe2 {[%emt 0:00:01] White is slightly better.} Bg4 9. c3 e6 (9... Qd5 $142) 10. g3 $11 Bxf3 11. Qxf3 Qd5 12. Bg2 Qxf3 13. Bxf3 {[%emt 0:00:01] [#]} Be7 $146 ({Predecessor:} 13... Bd6 14. O-O O-O 15. Rd1 Rac8 16. Be3 h6 17. c4 Rfd8 18. Kg2 Kf8 19. Rd3 b6 {½-½ (65) Melian,J (1978)-Etienne,A (1995) chess.com INT 2021}) 14. Ke2 Nd5 15. h4 h5 16. Re1 O-O-O 17. Kf1 Bf6 18. Bd2 g6 19. Rad1 Nb6 20. Bf4 Rd7 21. Ra1 Nc4 (21... Nd5 $5 ) 22. Re2 Be7 23. a4 Bd6 24. Bg5 {[%emt 0:00:46] This pair of bishops is nice.} Be7 25. Bf4 Bd6 26. Bc1 {[%emt 0:00:32] a5 is the strong threat.} Na5 27. b4 Nb3 28. Rb1 Nxc1 29. Rxc1 a6 30. b5 axb5 31. axb5 cxb5 32. Rb1 (32. Ra2 $5 ) 32... b4 33. c4 Be7 34. Ra2 (34. d5 $11) 34... Bf6 $2 (34... Rxd4 $2 35. Ra8+ Kc7 36. Rxh8 $18) (34... Kb8 $17 35. d5 e5) 35. Rxb4 $14 Rc7 (35... Kd8 $1 $14) 36. c5 $16 Rd8 {[%emt 0:00:05] Inhibits d5.} 37. Ra8+ Kd7 38. Raa4 {[%emt 0:00:02] White is more active.} Ke7 39. Ke2 (39. Rxb7 Rxb7 40. Bxb7 Bxd4 $11) (39. Bxb7 Bxd4 $1 40. c6 e5 $11) 39... Rdd7 40. Rc4 $1 Bg7 41. Rab4 Kf6 42. Rb6 {[%emt 0:00:10] Black must now prevent d5.} Bf8 43. Bg2 Kf5 44. d5 (44. Rcb4 $16) 44... Rxc5 (44... exd5 $2 {gets mated.} 45. Bh3+ Ke5 46. f4#) (44... Bxc5 $11 45. Rf4+ Ke5 46. dxe6 Bxb6 47. exd7 Rxd7) 45. Rf4+ (45. dxe6 $16 fxe6 46. Bh3+ (46. Rxb7 Rxc4 47. Rxd7 Kf6 $11) (46. Rf4+ Ke5 $11) 46... Kf6 47. Rxe6+ Kg7 48. Rxc5 Bxc5 {[#]} 49. Rxg6+ $1 Kxg6 50. Bxd7) 45... Ke5 $11 46. Re4+ Kf6 47. dxe6 Re7 48. exf7+ Kxf7 49. Rxe7+ Bxe7 50. Rxb7 $14 {[%emt 0:00:01][%mdl 4096] Endgame KRB-KRB} Re5+ 51. Kd3 Kf6 52. Bh3 Rd5+ 53. Ke2 Re5+ 54. Kf3 Rd5 55. Rb6+ Rd6 56. Rb3 Rd8 57. Ke4 Kg7 58. Rb7 Kf6 59. Bf1 Bc5 60. Rb2 Rd4+ 61. Kf3 Rb4 62. Ra2 Bd4 63. Bd3 Rb2 64. Ra6+ Bb6 65. Ke4 Rb4+ 66. Kf3 Rb3 (66... Rb2 $11) 67. Ke4 (67. Ke2 $16) 67... Rb4+ $11 68. Kf3 Rb3 (68... Rb2 $11 {remains equal.}) 69. Ke4 (69. Ke2 $16) 69... Rb4+ {[%emt 0:00:01] Weighted Error Value: White=0.14 (very precise) /Black=0.18 (very precise)} 1/2-1/2

[Event "Romanian Rapid Open 2022"]
[Site "Sebes"]
[Date "2022.12.02"]
[Round "6.13"]
[White "Bulmaga, Irina"]
[Black "Zubcu, Vlad-George"]
[Result "1-0"]
[ECO "B42"]
[WhiteElo "2426"]
[BlackElo "2135"]
[Annotator "TA"]
[PlyCount "63"]
[EventDate "2022.12.02"]
[EventType "rapid"]
[EventCountry "ROU"]
[SourceTitle "playchess.com"]
[Source "ChessBase"]
[SourceQuality "1"]
[TimeControl "600+5"]

1. e4 c5 2. Nf3 e6 3. d4 cxd4 4. Nxd4 a6 5. Bd3 Qc7 6. O-O Nf6 7. c4 Nc6 8. Nxc6 dxc6 9. f4 e5 10. f5 Bc5+ 11. Kh1 h5 12. Qe2 {[%emt 0:00:29] has lost popularity (12.Nc3). B42: Sicilian: Kan Variation: 5 Bd3.} Ng4 13. Bg5 {[%emt 0:00:06] Against Qd8} Qb6 14. Bh4 {[%emt 0:00:36] Inhibits Nf2+. White is slightly better.} Bd4 15. Nc3 Bxc3 (15... Qc7 $142) 16. bxc3 $16 {[%emt 0:00:02] [#]} Bd7 $146 (16... c5 $16 17. Rab1 Qc6) ({Predecessor:} 16... c5 17. Rab1 Qd6 18. Bc2 Nf6 19. Rf3 Nd7 20. Rg3 Qf8 21. Ba4 Rb8 22. Qd1 f6 23. Rb6 Qe7 24. Re6 {1-0 (24) Bengtsson,U (1858)-Andrews,N (1804) IECG email 2001}) 17. Rab1 $18 Qc7 18. c5 Rb8 19. h3 Nf6 20. Bc4 Qa5 $2 (20... Kf8 21. Rfd1 Be8) 21. Qe3 Qa4 (21... Kf8 $142 22. Rb6 Kg8) 22. Rb4 Qa5 23. Rd1 Bc8 24. Bxf6 (24. Qg3 $142 Kf8 25. Qxe5) 24... gxf6 25. Rb6 Ke7 26. Kh2 {[%emt 0:00:11] [#] aiming for h4.} Rg8 (26... h4 $142 27. Bxa6 Bxf5 28. exf5 (28. Rxb7+ Rxb7 29. Bxb7 Be6 $16) 28... bxa6 29. Rxc6 Qa4) 27. Rd6 {[%emt 0:00:21] Intending Qh6 and mate.} Qxb6 28. cxb6 (28. Qh6 $142 Rg6 29. fxg6 Qxc5 {[#]} 30. gxf7 $1) 28... Kxd6 29. Bxf7 Rg5 30. c4 c5 31. h4 {[%emt 0:00:22] Threatening mate with Qd3+.} Rg4 32. Qh6 {[%emt 0:04:43] Black did not feel at home in the position after the opening.   Weighted Error Value: White=0.52/Black=0.94} ({Not} 32. Bxh5 Rxh4+ 33. Kg1 Rxh5 $18) 1-0

[Event "Romanian Rapid Open 2022"]
[Site "Sebes"]
[Date "2022.12.02"]
[Round "6.14"]
[White "Sfarlog, Tudor-Vlad"]
[Black "Stefan, Romulus-Cristian"]
[Result "1/2-1/2"]
[ECO "A25"]
[WhiteElo "2283"]
[BlackElo "2097"]
[Annotator "TA"]
[PlyCount "116"]
[EventDate "2022.12.02"]
[EventType "rapid"]
[EventCountry "ROU"]
[SourceTitle "playchess.com"]
[Source "ChessBase"]
[SourceQuality "1"]
[TimeControl "600+5"]

1. Nf3 g6 2. c4 Bg7 3. Nc3 e5 4. g3 Nc6 5. Bg2 d6 6. O-O Nh6 7. d3 O-O 8. Rb1 a5 9. a3 {[%emt 0:00:02] A25: English Opening vs King's Indian with ...Nc6 but without early d3.} f5 {[%emt 0:00:01] [#]} 10. Nd2 $146 ({Predecessor:} 10. Bg5 Qd7 11. Nd5 Kh8 12. b4 axb4 13. axb4 Ng8 14. b5 Nce7 15. Bxe7 Nxe7 16. Nd2 g5 {1-0 (42) Andreev,K (2265)-Torres Dominguez,D (2067) St Petersburg 2018}) 10... f4 11. b4 axb4 12. axb4 Nd4 13. Nde4 (13. e3 $5 Ne6 14. b5 $11) 13... Nhf5 14. e3 Ne6 15. Bd2 Kh8 16. Ra1 {[%emt 0:00:24] Prevents c6.} Rxa1 17. Qxa1 c6 18. Qa7 (18. Qa5 $11 {keeps the balance.}) 18... g5 (18... d5 $17 19. cxd5 cxd5) 19. b5 g4 (19... d5 $5 20. bxc6 bxc6 21. cxd5 cxd5 $11) 20. bxc6 (20. gxf4 exf4 21. bxc6 (21. exf4 Nh4 $15) 21... f3 22. cxb7 (22. Bxf3 $2 gxf3 23. Kh1 Qh4 $19) 22... Bxb7 23. Qxb7 fxg2 $19) 20... bxc6 {[%emt 0:00:01] ...f3 is the strong threat.} 21. Rb1 (21. Rc1 $11) 21... d5 $1 $17 22. cxd5 cxd5 23. Nc5 {[%emt 0:00:17] [#]} fxe3 (23... Ng5 $1 $17 {[%cal Rg5h3] Strongly threatening ...Nh3+.} 24. Qb6 (24. Bxd5 $2 Nh3+ 25. Kg2 fxg3 $19) (24. Nxd5 f3 $11) (24. exf4 exf4 25. Nb3 f3 $15) 24... Nh3+ 25. Bxh3 fxe3 26. Bxe3 (26. Qxd8 Rxd8 27. fxe3 gxh3 $11) 26... Nxe3 27. Qxd8 Rxd8) 24. fxe3 $15 d4 {[%emt 0:00:34] And now ...Nxc5 would win.} 25. Nxe6 (25. Nd5 {seems wilder.} dxe3 26. Ba5 Qg5 27. Bb4) 25... Bxe6 26. exd4 Qxd4+ (26... e4 $1 $15 27. Kh1 e3) 27. Qxd4 $11 Nxd4 28. Be3 Nf3+ 29. Bxf3 gxf3 30. Ne4 Bf5 31. Nf2 h6 32. g4 Bg6 33. Rb6 Kh7 34. h4 Rd8 35. Rb3 Kg8 (35... h5 $11) 36. Kh2 ({White should play} 36. h5 $1 $14 Be8 37. Kh2) 36... h5 37. g5 Re8 (37... e4 $1 $11 38. Rb6 (38. dxe4 Be5+ 39. Kg1 Ra8 $11) 38... Be5+ 39. Kg1 Kf7 40. Rb7+ (40. Nxe4 Rxd3 41. Rb7+ Ke8 $11) (40. dxe4 Kg7 $11) 40... Kg8) 38. Ne4 $16 Ra8 {[%emt 0:00:52] [#]} 39. Kg3 $1 Rf8 40. Rb6 Kh7 41. Rb7 Kg8 42. Rd7 {[%emt 0:00:12] White has more active pieces.} (42. Bc5 $16 Rf4 43. Nf2) 42... Bf5 (42... Bxe4 $1 $11 43. dxe4 f2 44. Bxf2 Rf4) 43. Rd6 (43. Ra7 $16) 43... Bg4 (43... Bxe4 $1 $11 44. dxe4 f2 45. Bxf2 Rf4) 44. Nf2 Bf5 (44... e4 $1 $14 45. Nxg4 (45. Nxe4 Be5+ 46. Kf2 Bxd6 $17) 45... hxg4) 45. Ne4 (45. Kxf3 $6 Bxd3+ 46. Kg2 Bf5 $11) 45... Bg4 46. Rg6 ({White should try} 46. Rd5 $14) 46... Kh7 (46... f2 $11 47. Bxf2 (47. Nxf2 Rf3+ 48. Kg2 Rxe3 $17) 47... Rf3+ 48. Kg2 Rxd3) 47. Rb6 Kg8 (47... f2 $1 $11 {remains equal.} 48. g6+ (48. Nxf2 $2 Rf3+ 49. Kg2 Rxe3 $19) 48... Kg8 49. Bxf2 (49. Nxf2 $2 Rf3+ 50. Kg2 Rxe3 $19) 49... Bf5) 48. Nf2 (48. Bc5 $16 Rf4 49. Nf2) 48... Bf5 (48... e4 $1 $11 49. d4 (49. dxe4 $2 {gets mated.} Be5+) (49. Nxe4 f2 $11) (49. Nxg4 hxg4 50. Kxg4 exd3 $11) 49... Bf5) 49. Rb5 ({Of course not} 49. Kxf3 $6 Bxd3+ 50. Kg2 Be2 $11) 49... Bg6 50. Bd2 Rd8 51. Rb3 (51. Bc3 $16) 51... e4 $11 {[%emt 0:00:08][%cal Be5e4,Be4d3,Bd3d2][%mdl 32] The position is equal.} 52. Bf4 {[%emt 0:01:00] Inhibits Be5.} exd3 53. Kxf3 d2 {[%emt 0:00:08] aiming for ...Bc2.} 54. Rb8 $132 {[%emt 0:00:21][%mdl 2048] White puts up resistance} Rxb8 55. Bxb8 Bd4 {[%emt 0:00:53] ( -> ...Bxf2)} (55... Bc2 $5 56. Ke2 $8 Bd4 $11) 56. Nd1 Bc2 {[%emt 0:00:17] A strong pair of Bishops.} (56... Bf5 $5 57. Ke2 $8 Bg4+ 58. Kxd2 Bxd1 59. Kxd1 Bf2 $11) 57. Ke2 Bxd1+ 58. Kxd1 Bf2 {[%emt 0:00:01] Weighted Error Value: White=0.25 (precise) /Black=0.19 (very precise)} 1/2-1/2

[Event "Romanian Rapid Open 2022"]
[Site "Sebes"]
[Date "2022.12.02"]
[Round "6.15"]
[White "Daianu, Cristian-Clement"]
[Black "Secheres, Adrian-Simion"]
[Result "0-1"]
[ECO "B00"]
[WhiteElo "2189"]
[BlackElo "2365"]
[Annotator "TA"]
[PlyCount "60"]
[EventDate "2022.12.02"]
[EventType "rapid"]
[EventCountry "ROU"]
[SourceTitle "playchess.com"]
[Source "ChessBase"]
[SourceQuality "1"]
[TimeControl "600+5"]

1. e4 Nc6 2. Nf3 d6 3. d4 Nf6 4. Nc3 g6 5. Be2 Bg7 6. h4 {[%emt 0:00:02] B00: Queen's Fianchetto Defence, Nimzowitsch Defence.} O-O 7. Bg5 h6 8. Bf4 {[%emt 0:00:04] [#] The position is equal.} Nxd4 $146 ({Predecessor:} 8... Bg4 9. Qd2 Bxf3 10. Bxf3 Nxd4 11. Qxd4 e5 12. Bxe5 dxe5 13. Qb4 Qd4 14. Qb3 Rfd8 {½-½ (48) Novak,I (2345)-Rohacek,M (2100) Bratislava 1998}) 9. Nxd4 (9. Qxd4 $16 {Strongly threatening Qd2.} e5 10. Nxe5 $1) 9... e5 $15 10. Be3 {[%emt 0:00:01] Black must now prevent Nb3.} exd4 11. Bxd4 Re8 12. Qd3 Qe7 (12... b5 $15) 13. f3 Be6 14. O-O-O c5 {[%emt 0:01:37] Inhibits g4.} (14... Rad8 $5 ) 15. Bf2 (15. Bxf6 $11 {feels stronger.} Qxf6 16. Qxd6) 15... Rad8 {[%emt 0:00:26] next ...d5 is good for Black.} (15... d5 $5) 16. g4 d5 17. g5 (17. e5 $1 $11 {was the only way to keep the balance.} Nd7 18. Nxd5 Bxd5 19. Qxd5) 17... Nh5 {[%emt 0:00:02] Threatens to win with ...c4.} 18. exd5 {[%emt 0:01:45] [#]} Bf5 {[%emt 0:00:02] Prevents Qe4.} 19. Ne4 (19. d6 $17 Qe6 20. Qb5) 19... Nf4 $36 {[%emt 0:00:13][%mdl 2048] Black is really pushing.} (19... Qe5 20. c3 $11 (20. Bxc5 $2 Qxb2+ 21. Kd2 Nf4 $19)) 20. Qc4 (20. Qb5 $2 a6 21. Bxc5 axb5 $19) (20. Qd2 {nothing else works.} Qe5 21. c3 (21. c4 Bxe4 22. fxe4 Nxe2+ 23. Qxe2 Qf4+ 24. Qe3 Rxe4 $17) 21... Rxd5 22. Qe3) 20... b5 {[%emt 0:00:37] Black is clearly winning.} (20... Qe5 21. c3 $15) 21. Qxb5 Rb8 {[%emt 0:00:01] Against c3} 22. d6 Qe5 (22... Bxb2+ 23. Qxb2 (23. Kxb2 $2 Qe5+ 24. Kc1 Rxb5 $19) 23... Nxe2+ 24. Kd2 $15) 23. d7 Rxb5 ({Weaker is} 23... Bxe4 24. dxe8=Q+ (24. dxe8=R+ Rxe8 $11) 24... Rxe8 {[#]} 25. Bd4 $1 (25. fxe4 $2 {too greedy.} Nxe2+ 26. Kd2 Qxe4 $19) 25... cxd4 26. fxe4 $11) 24. dxe8=Q+ Qxe8 25. Bxb5 Qxb5 26. Rd8+ Kh7 27. Nf6+ Bxf6 28. gxf6 Qc4 29. Rd2 Qxa2 30. Rd6 Qa1+ {[%emt 0:00:03] Weighted Error Value: White=1.41/Black=0.40} (30... Qa4 $142 31. Rd3 Bxd3 32. cxd3 Qa1+ 33. Kc2 Qxh1 34. Be3 Qg2+ 35. Kb3 Nxd3 36. h5 Qxb2+ 37. Kc4 Qc2+ 38. Kb5 Qb3+ 39. Kc6 Qb6+ 40. Kd7 Ne5+ 41. Kc8 Qc6+ 42. Kb8 Nd7+ 43. Kxa7 Qc7+ 44. Ka8 Qb8#) 0-1